 Dungeon Crawl Stone Soup version 0.23.2-1-ga50397a (webtiles) character file.

Game seed: 6289186913294233351

210761 MalarOregon the Brawler (level 18, -13/163 HPs)
             Began as a Ghoul Gladiator on May 30, 2019.
             Was a High Priest of Makhleb.
             Mangled by a vault warden
             ... wielding a +0 war axe
              (23 damage)
             ... on level 1 of the Vaults on May 31, 2019.
             The game lasted 02:13:44 (41860 turns).

MalarOregon the Brawler (Ghoul Gladiator)          Turns: 41860, Time: 02:13:45

Health: -13/163    AC: 23    Str: 24    XL:     18   Next: 86%
Magic:  0/27       EV:  7    Int:  3    God:    Makhleb [*****.]
Gold:   3015       SH:  0    Dex: 13    Spells: 14/17 levels left

rFire    + + +     SeeInvis .     - Unarmed
rCold    + . .     Gourm    .   (no shield)
rNeg     + + +     Faith    .   M - +3 plate armour "Enoutoenoa" {rF+++ rC- rCorr Str-2}
rPois    ∞         Spirit   +   I - +2 helmet
rElec    .         Reflect  .   K - +2 cloak {rPois}
rCorr    +         Harm     .   U - +2 pair of gloves {Dex+3}
MR       ++...                  E - +0 pair of boots
Stlth    ++........             N - amulet of guardian spirit
HPRegen  0.00/turn              l - ring of protection from magic
MPRegen  0.20/turn              G - ring of protection from cold

@: rotting
A: rotting body, claws 1, carnivore, cold resistance 1, negative energy
resistance 3, inhibited regeneration, torment resistance, unbreathing
}: 1/15 runes: serpentine
a: Minor Destruction, Lesser Servant of Makhleb, Major Destruction, Greater
Servant of Makhleb, Renounce Religion


You were on level 1 of the Vaults.
You worshipped Makhleb.
Makhleb was extremely pleased with you.
You were not hungry.

You visited 7 branches of the dungeon, and saw 30 of its levels.
You visited the Abyss 1 time.
You also visited: Bailey, Gauntlet, Ice Cave and Volcano.

You collected 3530 gold pieces.
You spent 515 gold pieces at shops.

Inventory:

Hand Weapons
 Q - the +2 shortbow "Hiushrupp" {freeze, Dex+3, unknown}
   (You found it on level 12 of the Dungeon)

   It causes projectiles fired from it to freeze those they strike, causing
   extra injury to most foes and up to half again as much damage against
   particularly susceptible opponents.
   They can also slow down cold-blooded creatures.
   It affects your dexterity (+3).
 W - the +4 hunting sling "Emmaff" {flame, rF+ rC+, unknown}
   (You found it on level 6 of the Lair of Beasts)

   It causes projectiles fired from it to burn those they strike, causing extra
   injury to most foes and up to half again as much damage against particularly
   susceptible opponents.
   It protects you from fire.
   It protects you from cold.
Missiles
 w - 4 throwing nets (quivered) {!f}
Armour
 h - a +0 shield of protection
   (You acquired it on level 12 of the Dungeon)
 E - a +0 pair of boots (worn)
   (You found it on level 6 of the Dungeon)
 I - a +2 helmet (worn)
   (You found it on level 1 of the Lair of Beasts)
 K - a +2 cloak of poison resistance (worn)
   (You found it in a Gauntlet)
 M - the +3 plate armour "Enoutoenoa" (worn) {rF+++ rC- rCorr Str-2}
   (You found it in a Gauntlet)

   It affects your strength (-2).
   It renders you almost immune to fire.
   It makes you vulnerable to cold.
   It provides partial protection from all sources of acid and corrosion.
 U - a +2 pair of gloves of dexterity (worn)
   (You found it in a volcano)
Jewellery
 l - a ring of protection from magic (left hand)
   (You took it off Dowan on level 5 of the Dungeon)
 o - an uncursed ring of protection from cold
   (You found it on level 6 of the Lair of Beasts)
 z - an uncursed ring of see invisible
   (You found it on level 6 of the Lair of Beasts)
 F - an uncursed ring of protection from magic
   (You found it on level 10 of the Dungeon)
 G - a ring of protection from cold (right hand)
   (You found it on level 3 of the Snake Pit)
 J - the ring of Hoahuf {rElec rN+ MR- MP+9 Dex+3}
   (You found it in a Gauntlet)

   [ring of magical power]

   It affects your dexterity (+3).
   It insulates you from electricity.
   It protects you from negative energy.
   It affects your resistance to hostile enchantments.
   It affects your magic capacity (+9).
 N - an amulet of guardian spirit (around neck)
   (You found it on level 1 of the Lair of Beasts)
Wands
 c - a wand of disintegration (9)
   (You found it on level 7 of the Dungeon)
 d - a wand of iceblast (26)
   (You found it on level 5 of the Dungeon)
 m - a wand of polymorph (10)
   (You found it on level 15 of the Dungeon)
 t - a wand of flame (38)
   (You bought it in a shop on level 7 of the Dungeon)
 u - a wand of paralysis (28)
   (You bought it in a shop on level 7 of the Dungeon)
 v - a wand of digging (3)
   (You found it on level 6 of the Lair of Beasts)
 A - a wand of clouds (7)
   (You found it on level 15 of the Dungeon)
Scrolls
 b - a scroll of noise {unknown}
 g - 5 scrolls of enchant armour
 j - 18 scrolls of identify {@r1}
 p - 2 scrolls of silence
 r - 2 scrolls of fog
 s - 2 scrolls of vulnerability {!r}
 y - 5 scrolls of enchant weapon
 B - 4 scrolls of teleportation {@r4}
 C - 15 scrolls of remove curse {@r2}
 H - a scroll of magic mapping
 P - 4 scrolls of fear
 R - 2 scrolls of blinking
 S - 3 scrolls of amnesia
 T - 3 scrolls of immolation {!r}
Potions
 a - 2 potions of flight
 f - 4 potions of cancellation
 i - a potion of brilliance
 k - a potion of heal wounds {@q2}
 n - 8 potions of curing {@q1}
 q - 2 potions of magic
 x - 5 potions of might
 O - 4 potions of resistance
 X - 7 potions of haste {@q3}
Miscellaneous
 L - a fan of gales
   (You found it in a Gauntlet)
Comestibles
 e - 47 rations {!d}
 D - 2 chunks of flesh


   Skills:
 + Level 15.5 Fighting
 - Level 1.7 Throwing
 - Level 2.6 Dodging
 + Level 16.6 Stealth
 + Level 7.7 Shields
 * Level 20.9 Unarmed Combat
 - Level 4.0 Hexes
 - Level 4.0 Transmutations
 + Level 14.5 Invocations


You had 14 spell levels left.
You knew the following spells:

 Your Spells              Type           Power        Failure   Level  Hunger
a - Confusing Touch       Hex            #.....       95%         1    ##.....
s - Sticks to Snakes      Tmut           #.......     99%         2    ###....

Your spell library contained the following spells:

 Spells                   Type           Power        Failure   Level  Hunger
 Animate Skeleton         Necr           N/A          100%        1    ##.....
 Apportation              Tloc           #.....       100%        1    ##.....
 Infusion                 Chrm           #...         100%        1    ##.....
 Sting                    Conj/Pois      #...         100%        1    ##.....
 Summon Small Mammal      Summ           #...         100%        1    ##.....
 Corpse Rot               Necr           N/A          100%        2    ###....
 Poisonous Vapours        Pois/Air       #.....       100%        2    ###....
 Shroud of Golubria       Chrm/Tloc      #.........   100%        2    ###....
 Song of Slaying          Chrm           #.......     100%        2    ###....
 Mephitic Cloud           Conj/Pois/Air  #.......     100%        3    ####...
 Regeneration             Chrm/Necr      #.........   100%        3    ####...
 Spectral Weapon          Hex/Chrm       #.......     100%        3    ####...
 Stone Arrow              Conj/Erth      #.....       100%        3    ####...
 Leda's Liquefaction      Hex/Erth       #.........   100%        4    #####..
 Olgreb's Toxic Radiance  Pois           #.......     100%        4    #####..
 Summon Forest            Summ/Tloc      #.........   100%        5    ######.
 Venom Bolt               Conj/Pois      #.........   100%        5    ######.
 Summon Hydra             Summ           #.........   100%        7    #######
 Beastly Appendage        Tmut           Unusable     N/A         1    N/A
 Spider Form              Tmut/Pois      Unusable     N/A         3    N/A
 Ice Form                 Ice/Tmut       Unusable     N/A         4    N/A
 Blade Hands              Tmut           Unusable     N/A         5    N/A
 Hydra Form               Tmut           Unusable     N/A         6    N/A

Dungeon Overview and Level Annotations

Branches:
Dungeon (15/15)            Temple (1/1) D:6            Lair (6/6) D:10
 Shoals (1/4) Lair:3        Snake (4/4) Lair:4        Slime (0/5) Lair:6
    Orc (2/2) D:11            Elf (0/3) Orc:2        Vaults (1/5) D:14
 Depths (0/5) D:15

Altars:
Ashenzari
Cheibriados
Dithmenos
Elyvilon
Fedhas
Gozag
Hepliaklqana
Kikubaaqudgha
Makhleb
Nemelex Xobeh
Okawaru
Qazlal
Ru
Sif Muna
Trog
Uskayaw
Vehumet
Wu Jian
Xom
Yredelemnul
Zin
The Shining One

Shops:
D:7 }   D:10 ((*=[   Orc:1 }(   Snake:3 (

Annotations:
D:3 3 runed translucent doors, appiemonkey's ghost, amateur MiFi
Lair:1 1 runed translucent door, Firil's ghost, journeyman OpFE
Lair:3 1 runed translucent door, totalnoob's ghost, journeyman GnSk


Innate Abilities, Weirdness & Mutations

Your body is rotting away.
You thrive on raw meat.
You are immune to poison.
You have sharp fingernails.
You are carnivorous and can eat meat at any time.
Your flesh is cold resistant. (rC+)
You are immune to negative energy. (rN+++)
You do not regenerate when monsters are visible.
You are immune to unholy pain and torment.
You can survive without breathing.


Message History

Makhleb accepts your kill.
The deep elf knight casts a spell at you.
The stone arrow misses you.
The deep elf archer unwields a +0 dagger.
The deep elf archer wields a +0 shortbow.
The deep elf archer shoots an arrow.
The arrow hits you.
You hit the yaktaur.
The deep elf knight shoots an arrow.
The arrow hits you.
The vault warden hits you with a +0 war axe!
The yaktaur hits you but does no damage.
You hit the yaktaur. You punch the yaktaur!
The deep elf knight casts a spell at you.
The stone arrow hits you!!
* * * LOW HITPOINT WARNING * * *
The deep elf archer casts a spell at you.
You resist with almost no effort.
The yaktaur hits you but does no damage.
The deep elf knight casts a spell at you.
The stone arrow hits you!!
* * * LOW HITPOINT WARNING * * *
Items here: ( ) [ † a +0 dagger; a +0 ring mail; 5 bolts; an elf corpse Your plate armour "Enoutoenoa" prevents you from hitting the deep elf knight.
The deep elf archer unwields a +0 shortbow.
The deep elf archer wields a +0 dagger.
The deep elf archer hits you but does no damage.
The yaktaur hits you but does no damage.
The deep elf knight unwields a +0 longbow.
The deep elf knight wields a +0 scimitar.
The deep elf knight hits you but does no damage.
The vault warden hits you but does no damage.
Unknown command.
You miss the deep elf knight.
The yaktaur hits you but does no damage.
You miss the deep elf knight.
The deep elf knight is no longer moving quickly.
The deep elf knight points at you and mumbles some strange words.
The stone arrow hits you!!
* * * LOW HITPOINT WARNING * * *
The deep elf archer hits you with a +0 dagger.
* * * LOW HITPOINT WARNING * * *
The vault warden hits you but does no damage.
Eat one of 3 chunks of flesh? (ye/n/q)
You eat one of the 3 chunks of flesh.
This raw flesh tastes great!
The deep elf knight hits you with a +0 scimitar!
* * * LOW HITPOINT WARNING * * *
The yaktaur hits you.
* * * LOW HITPOINT WARNING * * *
The deep elf archer hits you but does no damage.
The vault warden hits you with a +0 war axe!!
You die...

###......# #.2.....#
.##.)....# #.......#
.##......# #..ee4..#
.##.(....# #1.4e...#
#####'######+#########
.............((......+
..............§.§§§..#
...............e§§§..#
...............e@c§..+
...............§p(§..#
################§§§..#
#.§...# #.....#
#.....# #.....#
#.....# #.....#


You could see a vault warden, a deep elf archer, a deep elf knight and a
yaktaur.

Vanquished Creatures
  Vashnia (Snake:3)
  A sphinx (Vaults:1)
  A tentacled starspawn (Snake:2)
  8 nagarajas
  An orc warlord (Orc:1)
  2 ironheart preservers
  A deep elf demonologist (Vaults:1)
  A black draconian (Abyss:2)
  A minotaur (Gauntlet)
  2 jiangshi (Abyss:2)
  A yaktaur captain (D:15)
  An ice dragon (Vaults:1)
  Erolcha (D:9)
  22 naga warriors
  4 hydras
  A catoblepas (D:15)
  A rakshasa (D:14)
  An alligator snapping turtle (Shoals:1)
  7 anacondas
  12 two-headed ogres
  2 ogre magi
  5 centaur warriors
  6 death yaks (Lair:6)
  A death knight (D:11)
  A tengu warrior (D:15)
  5 orc high priests
  A vampire mage (Abyss:2)
  A thrashing horror (Abyss:2)
  Urug (Lair:6)
  24 naga sharpshooters
  Sonja (Lair:6)
  7 shock serpents
  A hell hog (Gauntlet)
  A hell knight (Volcano)
  Nergalle (Lair:4)
  2 skeletal warriors
  4 unseen horrors
  5 naga ritualists
  A salamander mystic (Snake:3)
  2 sea snakes (Shoals:1)
  A wizard (D:15)
  A wolf spider zombie (D:12)
  A necromancer (Vaults:1)
  6 mana vipers
  A phantasmal warrior (D:12)
  An orc knight (Orc:1)
  2 oklob plants
  2 orc sorcerers
  A deep elf mage (Vaults:1)
  13 ugly things
  A cyclops (Orc:1)
  11 salamanders
  6 elephants
  3 ice statues (IceCv)
  Maurice (D:9)
  10 naga magi
  Joseph (D:8)
  7 guardian serpents
  18 spiny frogs
  An orange demon (Abyss:2)
  32 black mambas
  A centaur skeleton (D:11)
  A kobold demonologist (D:14)
  An ice devil (Abyss:2)
  A hellwing (Abyss:2)
  10 komodo dragons
  5 yaktaurs
  4 rime drakes
  An ancient zyme (Abyss:3)
  8 trolls
  A queen bee (shapeshifter) (Vaults:1)
  Grinder (D:4)
  7 hornets
  2 wind drakes (Shoals:1)
  2 merfolk (Shoals:1)
  6 polar bears (Lair:6)
  Prince Ribbit (D:8)
  8 hippogriffs
  9 slime creatures
  26 blink frogs
  13 dream sheep
  A blink frog (shapeshifter) (Vaults:1)
  5 raiju (Abyss:2)
  A snapping turtle (Shoals:1)
  3 wraiths
  12 spriggans (Lair:6)
  A vampire (Abyss:2)
  4 wyverns
  2 shadows
  44 yaks
  A ynoxinul (Abyss:2)
  4 fire bats (Gauntlet)
  A steam dragon (Lair:5)
  2 hungry ghosts
  A hog (shapeshifter) (Vaults:1)
  A basilisk (Lair:4)
  A chaos spawn (Abyss:2)
  Grum (D:8)
  2 vampire mosquitoes (D:12)
  6 wargs
  A soldier ant (D:14)
  A swamp worm (Gauntlet)
  76 nagas
  2 hell hounds (Gauntlet)
  An acid dragon (D:11)
  10 water moccasins
  11 porcupines
  7 ice beasts
  4 sky beasts
  2 black bears
  2 necrophages
  Duvessa (D:5)
  5 large abominations
  4 starcursed masses (Abyss:2)
  33 orc warriors
  2 phantoms
  An ettin simulacrum (Vaults:1)
  A snapping turtle skeleton (Abyss:2)
  18 wolves
  20 ogres
  4 boggarts (Lair:6)
  2 eyes of draining
  7 centaurs
  13 crocodiles
  3 small abominations
  2 big kobolds
  20 bullfrogs
  A gnoll sergeant (D:9)
  Dowan (D:5)
  A wyvern skeleton (D:13)
  4 scorpions
  7 howler monkeys
  4 wights (D:11)
  An electric eel (Lair:3)
  7 crimson imps
  2 bullfrog zombies
  A quasit (Abyss:2)
  37 orc priests
  2 iron imps (Abyss:2)
  3 jellies
  4 centaur zombies
  5 hounds
  30 orc wizards
  7 iguanas
  8 worker ants
  A hound zombie (D:6)
  2 hound skeletons
  3 worker ant zombies
  Robin (D:3)
  17 gnolls
  18 adders
  7 shadow imps
  2 white imps (Abyss:2)
  2 ufetubi (Abyss:2)
  5 oozes
  An adder zombie (D:10)
  3 adder skeletons
  6 worms
  2 dart slugs
  5 leopard geckos
  81 orcs
  8 giant cockroaches
  20 goblins
  9 hobgoblins
  20 jackals
  6 quokkas
  3 ball pythons
  9 bats
  5 frilled lizards
  31 kobolds
  A leopard gecko skeleton (D:8)
  2 leopard gecko zombies (D:6)
  A quokka skeleton (D:4)
  A quokka zombie (D:5)
  8 rats
  2 fungi
  A plant (Lair:1)
  3 starspawn tentacles (Snake:2)
1127 creatures vanquished.

Vanquished Creatures (collateral kills)
  Frances (D:13)
  10 nagarajas (Snake:4)
  2 naga warriors (Snake:4)
  An anaconda (Snake:3)
  2 naga sharpshooters (Snake:4)
  2 naga ritualists (Snake:4)
  2 black mambas (Snake:4)
  A guardian serpent (Snake:4)
  3 naga magi (Snake:4)
  A tyrant leech (Gauntlet)
  A slime creature (D:13)
  3 swamp worms (Gauntlet)
  8 nagas
  2 orc warriors
  A crocodile (D:13)
  3 orc wizards
  4 orcs
47 creatures vanquished.

Vanquished Creatures (others)
  A black mamba (Snake:4)
  Eustachio (D:3)
  An orc (D:9)
  A quokka skeleton (D:5)
  8 fungi
  6 plants
  32 starspawn tentacles
50 creatures vanquished.

Grand Total: 1224 creatures vanquished

Notes
Turn   | Place    | Note
-------+----------+-------------------------------------------
     0 | D:1      | MalarOregon the Ghoul Gladiator began the quest for the
                  | Orb.
     0 | D:1      | Reached XP level 1. HP: 17/17 MP: 0/0
    27 | D:1      | Reached XP level 2. HP: 8/25 MP: 1/1
    30 | D:1      | Reached skill level 1 in Stealth
   415 | D:1      | Reached XP level 3. HP: 26/30 MP: 2/2
   996 | D:2      | Reached skill level 4 in Unarmed Combat
   996 | D:2      | Reached XP level 4. HP: 32/38 MP: 3/3
  1466 | D:3      | Reached XP level 5. HP: 39/44 MP: 4/4
  1483 | D:3      | Found a runed translucent gate.
  1483 | D:3      | Found a runed translucent gate.
  1483 | D:3      | Found a runed translucent gate.
  1483 | D:3      | Noticed appiemonkey's ghost (amateur MiFi)
  1557 | D:3      | Noticed Robin
  1603 | D:3      | Killed Robin
  1914 | D:3      | Reached skill level 5 in Unarmed Combat
  2230 | D:3      | Reached XP level 6. HP: 13/52 MP: 5/5
  2705 | D:4      | Noticed Eustachio
  2731 | D:3      | Killed Eustachio
  2731 | D:3      | Reached skill level 6 in Unarmed Combat
  2731 | D:3      | Reached XP level 7. HP: 49/60 MP: 6/6
  2881 | D:4      | Found a sparkling altar of Nemelex Xobeh.
  3127 | D:4      | Noticed Grinder
  3436 | D:4      | Paralysed by Grinder for 2 turns
  3456 | D:4      | Killed Grinder
  3456 | D:4      | Reached skill level 5 in Fighting
  3456 | D:4      | Reached skill level 5 in Stealth
  3456 | D:4      | Reached skill level 7 in Unarmed Combat
  3562 | D:5      | Entered Level 5 of the Dungeon
  3632 | D:5      | Noticed Duvessa
  3664 | D:5      | Killed Duvessa
  3664 | D:5      | Reached XP level 8. HP: 47/69 MP: 7/7
  3767 | D:5      | Found a hazy altar of Hepliaklqana.
  3770 | D:5      | Noticed a wyvern
  3781 | D:5      | Noticed Dowan
  3944 | D:5      | Identified the +2 leather armour "Guyfaxuw" {+Blink}
  4001 | D:5      | Killed Dowan
  4025 | D:5      | Killed a wyvern
  4025 | D:5      | Reached skill level 8 in Unarmed Combat
  4288 | D:5      | Found a white marble altar of Elyvilon.
  4705 | D:6      | Reached skill level 9 in Unarmed Combat
  4711 | D:6      | Reached XP level 9. HP: 73/78 MP: 8/8
  4792 | D:6      | Found a staircase to the Ecumenical Temple.
  4805 | Temple   | Entered the Ecumenical Temple
  4843 | Temple   | Became a worshipper of Makhleb the Destroyer
  5278 | D:6      | Found a deep blue altar of Sif Muna.
  5341 | D:7      | Found Ogaph's Gadget Boutique.
  5355 | D:7      | Bought a wand of flame (22) for 156 gold pieces
  5355 | D:7      | Bought a wand of flame (4) for 39 gold pieces
  5355 | D:7      | Bought a wand of flame (16) for 117 gold pieces
  5373 | D:7      | Got a crude scale mail
  5384 | D:7      | Identified the +0 scale mail of Ehe Dios {rN+ Dex+2} (You
                  | found it on level 7 of the Dungeon)
  5420 | D:7      | Reached skill level 1 in Invocations
  5836 | D:7      | Reached * piety under Makhleb
  5935 | D:7      | Found a shimmering altar of Xom.
  5970 | D:7      | Reached skill level 10 in Unarmed Combat
  5986 | D:7      | Learned a level 1 spell: Confusing Touch
  5989 | D:7      | Learned a level 2 spell: Sticks to Snakes
  6069 | D:7      | Bought a wand of paralysis (9) for 143 gold pieces
  6095 | D:8      | Noticed Prince Ribbit
  6119 | D:8      | Killed Prince Ribbit
  6266 | D:8      | Reached skill level 1 in Transmutations
  6281 | D:8      | Reached skill level 1 in Hexes
  6387 | D:8      | Found a flagged portal.
  6415 | Bailey   | Entered a bailey
  6466 | Bailey   | Reached ** piety under Makhleb
  6584 | Bailey   | Reached XP level 10. HP: 81/84 MP: 11/11
  6697 | Bailey   | Found a burning altar of Makhleb.
  6791 | D:8      | Noticed Grum
  6855 | D:8      | Killed Grum
  6979 | D:8      | Noticed Joseph
  7011 | D:8      | Killed Joseph
  7076 | D:8      | Reached skill level 11 in Unarmed Combat
  7662 | D:9      | Noticed Maurice
  7712 | D:9      | Killed Maurice
  7825 | D:9      | Reached *** piety under Makhleb
  7940 | D:9      | Found a radiant altar of Vehumet.
  7945 | D:9      | Noticed Erolcha
  7987 | D:9      | Killed Erolcha
  7987 | D:9      | Reached XP level 11. HP: 47/95 MP: 13/13
  8107 | D:9      | Reached skill level 5 in Invocations
  8461 | D:10     | Entered Level 10 of the Dungeon
  8511 | D:10     | Found Woczithairch's Antique Armour Emporium.
  8701 | D:10     | Found Susmauc's Jewellery Shoppe.
  8710 | D:10     | Found Umup's General Store.
  8718 | D:10     | Bought a potion of heal wounds for 60 gold pieces
  8899 | D:10     | Reached skill level 12 in Unarmed Combat
  8967 | D:10     | Reached **** piety under Makhleb
  9079 | D:10     | Found Fuep's Antique Weapon Shop.
  9092 | D:10     | Found a staircase to the Lair.
  9173 | D:10     | You fall through a shaft!
  9471 | D:11     | Found a staircase to the Orcish Mines.
  9503 | D:11     | Found a gate leading to a gauntlet.
  9526 | Gauntlet | Entered a Gauntlet
  9526 | Gauntlet | Found a transporter.
  9534 | Gauntlet | Found a transporter.
  9548 | Gauntlet | Found a transporter.
  9552 | Gauntlet | Found a transporter.
  9567 | Gauntlet | Found a transporter.
  9581 | Gauntlet | Found a runed translucent door.
  9582 | Gauntlet | Found a transporter.
  9595 | Gauntlet | Found a transporter.
  9612 | Gauntlet | Found a transporter.
  9616 | Gauntlet | Found a transporter.
  9617 | Gauntlet | Found a runed translucent door.
  9627 | Gauntlet | Found a transporter.
  9632 | Gauntlet | Noticed a hell hog
  9645 | Gauntlet | Noticed a blizzard demon
  9646 | Gauntlet | Found a transporter.
  9650 | Gauntlet | Found a transporter.
  9652 | Gauntlet | Noticed a death scarab
  9652 | Gauntlet | Noticed a death scarab
  9654 | Gauntlet | Found a runed translucent door.
  9673 | Gauntlet | Noticed an entropy weaver
  9765 | Gauntlet | Killed a hell hog
  9801 | Gauntlet | Got a warped jade ring
 10009 | Gauntlet | Noticed a minotaur
 10026 | Gauntlet | Killed a minotaur
 10037 | Gauntlet | Got a brightly glowing plate armour
 10095 | D:11     | Identified the ring of Hoahuf {rElec rN+ MR- MP+9 Dex+3}
                  | (You found it in a Gauntlet)
 10096 | D:11     | Identified the +3 plate armour "Enoutoenoa" {rF+++ rC-
                  | rCorr Str-2} (You found it in a Gauntlet)
 10274 | D:11     | Reached XP level 12. HP: 105/105 MP: 15/15
 10286 | D:11     | Reached skill level 10 in Stealth
 10525 | D:10     | Found Wagomer's Antique Weapon Emporium.
 10659 | D:12     | Reached skill level 13 in Unarmed Combat
 11136 | D:11     | Found a staircase to the Orcish Mines.
 11576 | D:12     | Noticed a death knight
 11827 | Lair:1   | Entered Level 1 of the Lair of Beasts
 11846 | Lair:1   | Noticed an eight-headed hydra
 11851 | Lair:1   | Killed an eight-headed hydra
 11869 | Lair:1   | Found a runed translucent door.
 11967 | Lair:1   | Reached skill level 10 in Fighting
 12071 | Lair:1   | Noticed a six-headed hydra
 12076 | Lair:1   | Killed a six-headed hydra
 12360 | Lair:1   | Reached skill level 14 in Unarmed Combat
 12485 | Lair:1   | Noticed Firil's ghost (journeyman OpFE)
 12486 | Lair:1   | Noticed a spriggan rider
 12486 | Lair:1   | Identified the cursed +1 spear of Spite {freeze, *Contam
                  | +Inv rF+}
 12605 | Lair:1   | Reached ***** piety under Makhleb
 12901 | Lair:2   | Reached XP level 13. HP: 99/114 MP: 18/18
 13708 | Lair:3   | Found a runed translucent door.
 13708 | Lair:3   | Noticed totalnoob's ghost (journeyman GnSk)
 14431 | Lair:3   | Found a staircase to the Shoals.
 15037 | Lair:4   | Reached skill level 15 in Unarmed Combat
 15250 | Lair:4   | Noticed Nergalle
 15259 | Lair:4   | Killed Nergalle
 15521 | Lair:4   | Found a staircase to the Snake Pit.
 15992 | Lair:5   | Reached XP level 14. HP: 125/125 MP: 16/20
 16096 | Lair:5   | Reached skill level 10 in Invocations
 16186 | Lair:5   | Reached ****** piety under Makhleb
 16587 | Lair:6   | Entered Level 6 of the Lair of Beasts
 16598 | Lair:6   | Found a staircase to the Slime Pits.
 16639 | Lair:6   | Noticed Sonja
 16642 | Lair:6   | Killed Sonja
 16642 | Lair:6   | Reached skill level 16 in Unarmed Combat
 16828 | Lair:6   | Got a crystal hunting sling
 18045 | Lair:6   | Noticed Urug
 18064 | Lair:6   | Killed Urug
 18682 | Orc:1    | Entered Level 1 of the Orcish Mines
 18724 | Orc:1    | Found a dark tunnel.
 18733 | Volcano  | Entered a volcano
 18768 | Volcano  | Found a radiant altar of Vehumet.
 18785 | Volcano  | Reached skill level 17 in Unarmed Combat
 18847 | Volcano  | Reached XP level 15. HP: 127/134 MP: 21/22
 19061 | Orc:1    | HP: 4/134 [orc warrior/+0 glaive (21)]
 19320 | Orc:1    | Found Ixoseg's Antique Weapon Shop.
 19323 | Orc:1    | Found Tubbiacuem's Gadget Shop.
 19661 | Orc:2    | Entered Level 2 of the Orcish Mines
 20195 | Orc:2    | Lost intelligence.
 20281 | Orc:1    | Lost intelligence.
 20444 | Orc:2    | Noticed an orc warlord
 20479 | Orc:1    | Killed an orc warlord
 20789 | Orc:2    | Found a staircase to the Elven Halls.
 21478 | D:12     | Found a blossoming altar of Fedhas.
 21875 | D:12     | Got a jewelled shortbow
 21892 | D:12     | Identified a scroll of acquirement
 22336 | D:13     | Reached skill level 1 in Shields
 22432 | D:13     | Noticed Frances
 22659 | Snake:1  | Entered Level 1 of the Snake Pit
 22675 | Snake:1  | Reached skill level 18 in Unarmed Combat
 23519 | Snake:2  | Cast into level 2 of the Abyss (salamander)
 23735 | Abyss:2  | Found a corrupted altar of Lugonu.
 23751 | Abyss:2  | Found a corrupted altar of Lugonu.
 23807 | Abyss:2  | Reached XP level 16. HP: 123/144 MP: 17/24
 23948 | Abyss:2  | Noticed a tentacled starspawn
 24164 | Abyss:2  | Found a corrupted altar of Lugonu.
 24199 | Abyss:2  | Noticed an ancient lich
 24294 | Abyss:2  | Noticed an ancient lich
 24343 | Abyss:2  | Found a corrupted altar of Lugonu.
 24430 | Abyss:2  | Found a corrupted altar of Lugonu.
 24509 | Abyss:2  | Noticed a tentacled starspawn
 24510 | Abyss:2  | Found a corrupted altar of Lugonu.
 24785 | Abyss:2  | Found a corrupted altar of Lugonu.
 24938 | Abyss:2  | Noticed a lich
 25028 | Abyss:2  | Found a corrupted altar of Lugonu.
 25147 | Abyss:3  | Noticed a tentacled starspawn
 25177 | Snake:2  | Escaped the Abyss
 26825 | Snake:2  | Killed a tentacled starspawn
 27139 | Snake:2  | Noticed a nagaraja
 27456 | Snake:2  | Killed a nagaraja
 27973 | Snake:3  | Found Iced's Weapon Shop.
 28084 | Snake:3  | Noticed a nagaraja
 28116 | Snake:3  | Killed a nagaraja
 28189 | Snake:3  | Reached skill level 15 in Stealth
 28323 | Snake:3  | Noticed Vashnia
 28601 | Snake:3  | Reached skill level 19 in Unarmed Combat
 29685 | Snake:3  | Reached XP level 17. HP: 99/152 MP: 16/25
 30651 | Snake:3  | Killed Vashnia
 30651 | Snake:3  | Reached skill level 5 in Shields
 31925 | Snake:3  | Found Iced's Weapon Shop.
 32419 | Snake:4  | Entered Level 4 of the Snake Pit
 36160 | Snake:4  | Reached skill level 20 in Unarmed Combat
 37389 | Snake:4  | Reached skill level 15 in Fighting
 37399 | Snake:4  | Reached XP level 18. HP: 150/163 MP: 25/27
 38274 | Snake:4  | Got a serpentine rune of Zot
 38492 | Shoals:1 | Entered Level 1 of the Shoals
 39145 | D:13     | Killed Frances
 39842 | D:14     | Found a glowing golden altar of the Shining One.
 39849 | D:14     | Found a frozen archway.
 39921 | IceCv    | Entered an ice cave
 40091 | IceCv    | Got ichor-stained ice dragon scales
 40147 | IceCv    | Identified the +5 ice dragon scales of Light {-Cast rF-
                  | rC++ Int+6} (You found it in an ice cave)
 40349 | D:14     | Found a gate to the Vaults.
 40654 | D:15     | Entered Level 15 of the Dungeon
 41189 | D:15     | Found a staircase to the Depths.
 41286 | D:15     | Found a shadowy altar of Dithmenos.
 41497 | Vaults:1 | Entered Level 1 of the Vaults
 41810 | Vaults:1 | Noticed a Hell Sentinel
 41860 | Vaults:1 | Mangled by a vault warden

Skill      XL: |  1  2  3  4  5  6  7  8  9 10 11 12 13 14 15 16 17 18 |
---------------+-------------------------------------------------------+-----
Stealth        | 1 2 3 4 5 6 7 8 9 11 12 13 14 15 16 | 16.6
Fighting       | 3 4 5 6 7 8 9 10 11 12 13 14 15 | 15.5
Unarmed Combat | 4 5 6 7 9 10 11 12 14 15 17 18 19 20 | 20.9
Invocations    | 3 4 6 8 9 11 12 13 14 | 14.5
Transmutations | 1 3 4 |  4.0
Hexes          | 1 3 4 |  4.0
Shields        | 2 4 6 7 |  7.7
Throwing       | |  1.7
Dodging        | |  2.6

Action                   |  1- 3 |  4- 6 |  7- 9 | 10-12 | 13-15 | 16-18 || total
-------------------------+-------+-------+-------+-------+-------+-------++-------
Melee: Unarmed           |   111 |   318 |   456 |   853 |  1606 |  1651 ||  4995
       Punch             |       |     6 |    19 |    47 |   107 |   142 ||   321
Throw: Tomahawk          |       |       |    24 |       |       |       ||    24
       Throwing net      |       |       |       |       |       |     3 ||     3
Invok: Lesser Servant of |       |       |       |     8 |     4 |    31 ||    43
       Major Destruction |       |       |       |     2 |     4 |       ||     6
       Minor Destruction |       |       |       |     1 |       |       ||     1
       Greater Servant o |       |       |       |       |       |     4 ||     4
Evoke: Wand              |       |       |       |    15 |    16 |    31 ||    62
       Sack of spiders   |       |       |       |       |       |     5 ||     5
       Phantom mirror    |       |       |       |       |       |     2 ||     2
       Fan of gales      |       |       |       |       |       |     1 ||     1
  Use: Scroll            |       |       |    20 |     4 |    17 |    13 ||    54
       Potion            |       |       |     5 |     8 |     5 |     1 ||    19
 Stab: Sleeping          |     1 |     3 |     8 |       |     1 |     3 ||    16
       Distracted        |       |       |       |     2 |       |     8 ||    10
       Confused          |       |       |       |       |     2 |       ||     2
       Paralysed         |       |       |       |       |       |     4 ||     4
       Petrified         |       |       |       |       |       |    12 ||    12
       Held in net/web   |       |       |       |       |       |     1 ||     1
  Eat: Chunk             |     8 |    31 |    33 |    71 |    68 |    95 ||   306
       Ration            |       |     1 |     1 |     1 |     1 |     4 ||     8
Armor: Leather armour    |    45 |    93 |    37 |       |       |       ||   175
       Ring mail         |       |       |   117 |       |       |       ||   117
       Plate armour      |       |       |       |   451 |  1117 |   922 ||  2490
Dodge: Dodged            |    97 |   202 |   309 |   207 |   549 |   357 ||  1721
